 Dungeon Crawl Stone Soup version 0.24.0-123-gd5b16e6ec5 (webtiles) character file.

Game seed: 6922627462729924413, levelgen mode: deterministic

220251 mopl the Grappler (level 19, -17/118 HPs)
             Began as a Tengu Transmuter on Feb 7, 2020.
             Was the Champion of Nemelex Xobeh.
             Killed from afar by a shock serpent (18 damage)
             ... with a bolt of electricity
             ... on level 1 of the Snake Pit on Feb 10, 2020.
             The game lasted 02:53:18 (52417 turns).

mopl the Grappler (Tengu Transmuter)               Turns: 52417, Time: 02:53:22

Health: -17/118    AC: 19    Str: 17    XL:     19   Next: 17%
Magic:  25/29      EV: 23    Int: 15    God:    Nemelex Xobeh [******]
Gold:   2617       SH:  0    Dex: 17    Spells: 5/29 levels left

rFire    + . .     SeeInvis .     - Unarmed
rCold    . . .     Gourm    .   (shield currently unavailable)
rNeg     . . .     Faith    .   D - +0 swamp dragon scales
rPois    +         Spirit   .   C - +1 hat
rElec    .         Reflect  .   O - +1 cloak {+Inv}
rCorr    .         Harm     .   (gloves currently unavailable)
MR       +....                  (boots unavailable)
Stlth    +++.......             H - amulet of the acrobat
HPRegen  0.29/turn              Q - +5 ring of protection
MPRegen  0.21/turn              L - ring of protection from fire

@: blade hands, flying quickly and evasively, quick
A: beak, talons 3, rugged brown scales 1, agile 1, able to fly
}: 1/15 runes: decaying
a: Stop Flying, End Transformation, Draw Escape, Draw Destruction, Draw
Summoning, Draw Stack, Triple Draw, Deal Four, Stack Five, Renounce Religion,
Evoke Invisibility


You were on level 1 of the Snake Pit.
You worshipped Nemelex Xobeh.
Nemelex Xobeh was exalted by your worship.
You were very hungry.
You had blades for hands.
You visited 7 branches of the dungeon, and saw 34 of its levels.
You also visited: Ossuary.

You collected 3484 gold pieces.
You spent 867 gold pieces at shops.

Inventory:

Hand Weapons
 b - a +2 hunting sling of flaming (melded)
 M - the +1 whip of Instant Death {slash, +Rage Int-2 SInv Stlth+}
   (You found it on level 5 of the Lair of Beasts)

   It inflicts extra damage upon your enemies.
   It affects your intelligence (-2).
   It lets you see invisible.
   It lets you go berserk.
   It makes you more stealthy.
 X - a +4 scimitar of flaming
Missiles
 a - 633 arrows
 l - 628 stones
 m - 91 sling bullets
 q - 66 poisoned darts
 z - 69 boomerangs (quivered)
 S - 7 boomerangs of dispersal
 W - 9 javelins
Armour
 e - +0 fire dragon scales
 C - a +1 hat (worn)
 D - +0 swamp dragon scales (worn)
 E - a +1 pair of gloves (melded)
 J - a +0 buckler of positive energy (melded)
 O - a +1 cloak of invisibility (worn)
 R - a +1 shield of poison resistance
 T - +0 acid dragon scales
Jewellery
 y - an uncursed ring of poison resistance
 H - an amulet of the acrobat (around neck)
 L - a ring of protection from fire (right scythe-like blade)
 Q - a +5 ring of protection (left scythe-like blade)
Wands
 h - a wand of paralysis (8)
 p - a wand of iceblast (10)
 A - a wand of flame (6)
 N - a wand of digging (11)
 P - a wand of acid (16)
Scrolls
 d - a scroll of magic mapping
 f - 5 scrolls of teleportation
 n - 2 scrolls of vulnerability
 o - 7 scrolls of fog
 s - a scroll of fear
 t - 2 scrolls of summoning
 v - a scroll of holy word
 U - 2 scrolls of silence
 V - 8 scrolls of remove curse
 Y - 7 scrolls of identify
Potions
 g - 3 potions of haste
 i - a potion of ambrosia
 j - 14 potions of curing
 k - 3 potions of berserk rage
 u - a potion of heal wounds
 w - 6 potions of agility
 x - 4 potions of might
 B - 4 potions of magic
 G - 3 potions of brilliance
 I - 4 potions of lignification
Miscellaneous
 r - a lightning rod (4/4)
 F - a phantom mirror
Comestibles
 c - 39 rations
 K - 4 chunks of flesh


   Skills:
 + Level 11.3 Fighting
 + Level 11.0 Throwing
 + Level 8.8 Armour
 + Level 11.8 Dodging
 + Level 7.9 Stealth
 - Level 4.0 Shields
 + Level 14.2 Unarmed Combat
 + Level 5.5 Spellcasting
 + Level 4.8 Hexes
 - Level 4.0 Translocations
 - Level 10.0 Transmutations
 - Level 4.0 Ice Magic
 + Level 4.2 Earth Magic
 - Level 1.0 Poison Magic
 * Level 13.1 Invocations
 + Level 8.4 Evocations


You had 5 spell levels left.
You knew the following spells:

 Your Spells              Type           Power        Failure   Level  Hunger
a - Apportation           Tloc           ###...       32%         1    None
b - Spider Form           Tmut/Pois      ###.......   41%         3    ###....
c - Blade Hands           Tmut           ####......   50%         5    ######.
d - Ice Form              Ice/Tmut       ####....     54%         4    ####...
e - Petrify               Tmut/Erth      ####....     52%         4    ####...
w - Sticks to Snakes      Tmut           ####....     13%         2    #......
y - Yara's Violent Unrav  Hex/Tmut       ####......   75%         5    ######.

Your spell library contained the following spells:

 Spells                   Type           Power        Failure   Level  Hunger
 Beastly Appendage        Tmut           ####..       11%         1    None
 Confusing Touch          Hex            ###...       26%         1    None
 Corona                   Hex            ###....      26%         1    None
 Freeze                   Ice            ###.         32%         1    None
 Ensorcelled Hibernation  Hex/Ice        ###...       36%         2    #......
 Confuse                  Hex            ###.....     45%         3    ###....
 Tukima's Dance           Hex            ###.....     45%         3    ###....
 Gell's Gravitas          Tloc           ###.......   54%         3    ###....
 Animate Skeleton         Necr           N/A          69%         1    None
 Magic Dart               Conj           #...         69%         1    None
 Summon Small Mammal      Summ           #...         69%         1    None
 Dazzling Spray           Conj/Hex       ##....       71%         3    ###....
 Searing Ray              Conj           #.....       78%         2    #......
 Static Discharge         Conj/Air       #.......     91%         3    ###....
 Alistair's Intoxication  Tmut/Pois      ###.....     91%         5    ######.
 Irradiate                Conj/Tmut      ###.......   94%         5    ######.
 Fulminant Prism          Conj/Hex       ##........   95%         4    ####...
 Force Lance              Conj/Tloc      ##......     96%         4    ####...
 Throw Icicle             Conj/Ice       ##......     96%         4    ####...
 Metabolic Englaciation   Hex/Ice        ###.......   96%         5    ######.
 Iskenderun's Mystic Bla  Conj           #.......     99%         4    ####...
 Summon Mana Viper        Hex/Summ       ##......     99%         5    ######.
 Bolt of Magma            Conj/Fire/Erth #.........   100%        5    ######.
 Iskenderun's Battlesphe  Conj/Chrm      #.......     100%        5    ######.
 Lightning Bolt           Conj/Air       #.........   100%        5    ######.
 Venom Bolt               Conj/Pois      #.........   100%        5    ######.
 Statue Form              Tmut/Erth      ####.....    99%         6    #######
 Iron Shot                Conj/Erth      ##........   100%        6    #######
 Orb of Destruction       Conj           #.........   100%        7    #######
 Spellforged Servitor     Conj/Summ      #.........   100%        7    #######
 Ignition                 Fire           #.........   100%        8    #######
 Shatter                  Erth           ###.......   100%        9    #######
 Tornado                  Air            #.........   100%        9    #######


Dungeon Overview and Level Annotations

Branches:
Dungeon (15/15)            Temple (1/1) D:5            Lair (6/6) D:9
  Swamp (4/4) Lair:4        Snake (1/4) Lair:3        Slime (0/5) Lair:5
    Orc (2/2) D:12            Elf (0/3) Orc:2        Vaults (5/5) D:13
 Depths (0/5) D:15        Ossuary (visited)
  Crypt: Vaults:2-3

Altars:
Ashenzari
Cheibriados
Dithmenos
Elyvilon
Fedhas
Gozag
Hepliaklqana
Kikubaaqudgha
Makhleb
Nemelex Xobeh
Okawaru
Qazlal
Ru
Sif Muna
Trog
Uskayaw
Vehumet
Wu Jian
Xom
Yredelemnul
Zin
The Shining One
Beogh
Jiyva

Shops:
D:11 ?   Orc:2 ([*=   Vaults:2 (*   Vaults:3 (

Annotations:
Swamp:3 1 runed translucent door, Buem's ghost, adept OgAM
Vaults:1 6 runed translucent doors, Adoajy's ghost, adept DsWr
Vaults:5 bb


Innate Abilities, Weirdness & Mutations

You have a beak for a mouth.
You have claws for feet.
You can fly continuously.
You are partially covered in rugged brown scales. (AC +1, +3% HP)
You are agile. (Dex +2)


Message History

Unknown command.
You feel better.
The shock serpent shoots out a bolt of lightning at you!
The bolt of electricity misses you.
Evoke which item? (* to show all) (? for menu, Esc to quit)
Aiming: Paralyse
Press: ? - help, Shift-Dir - straight line, f - shock serpent
Aim: a shock serpent (chance to defeat MR: 51%)
The shock serpent resists with significant effort.
Evoke which item? (* to show all) (? for menu, Esc to quit)
Aiming: Paralyse
Press: ? - help, Shift-Dir - straight line, f/p - shock serpent
Aim: a shock serpent (chance to defeat MR: 51%)
The shock serpent resists with significant effort.
The shock serpent shoots out a bolt of lightning at you!
The bolt of electricity hits you!!
* * * LOW HITPOINT WARNING * * *
The bolt of electricity hits you!!
You die...
Your body glows with a rainbow of weird colours and disappears.

............).......###
####........##..).....####
. #
#........####.........##..
#......)## ###...........
#......## ##............
##.....# ##.............
##...## ##...........[..
#..## ##..........#....
#..# #...@......$.#...
#..# #...).........##. #..
#....(.:.........
#....(..S........#
#............$..##
##.(............#
#(..(..........
##............
##...........


You could see a shock serpent.

Vanquished Creatures
  Mara (Swamp:3)
  Rupert (D:14)
  Jorgrun (D:13)
  2 thorn hunters (Swamp:4)
  Roxanne (D:14)
  3 vault wardens
  2 orc warlords
  Louise (D:14)
  The ghost of Foabaekk the Unseen, a journeyman GrMo of Gozag (Lair:3)
  A war gargoyle (D:14)
  2 ironheart preservers
  5 stone giants
  Nessos (Orc:2)
  Azrael (D:15)
  The ghost of Rwicked the Severer, a journeyman MiFi of Okawaru (Lair:1)
  A fire dragon (Vaults:3)
  3 yaktaur captains
  An ice dragon (Vaults:1)
  A great orb of eyes (Vaults:2)
  10 vault guards
  22 hydras
  2 centaur warriors
  2 anacondas (Snake:1)
  2 naga warriors (Snake:1)
  A shambling mangrove (Swamp:2)
  4 catoblepae
  5 ogre magi
  15 two-headed ogres
  A deep troll shaman (Vaults:4)
  9 alligators
  A deep troll earth mage (Vaults:3)
  11 death yaks
  4 orc high priests (Orc:2)
  Urug (Orc:2)
  5 tengu warriors
  4 spriggans
  14 skeletal warriors
  2 deep trolls
  2 spriggan druids
  9 swamp dragons
  A wizard (Vaults:1)
  A deep elf archer (Vaults:2)
  Pikel (D:5)
  6 ironbrand convokers
  A lindwurm (shapeshifter) (D:12)
  2 necromancers
  A wolf spider zombie (D:15)
  A lindwurm (Swamp:4)
  19 orc knights
  A salamander (shapeshifter) (Vaults:1)
  A harpy (Vaults:1)
  7 orc sorcerers
  A deep elf mage (D:13)
  A sphinx zombie (Vaults:3)
  26 ugly things
  9 cyclopes
  A tengu skeleton (Vaults:3)
  4 wolf spiders
  Maurice (Orc:2)
  4 manticores
  5 elephants (Lair:4)
  2 black mambas (shapeshifter) (D:15)
  15 spiny frogs
  2 naga magi (Snake:1)
  3 vault sentinels
  A guardian serpent (Snake:1)
  A stone giant skeleton (Vaults:3)
  3 black mambas
  11 gargoyles
  A komodo dragon (shapeshifter) (D:12)
  3 rime drakes
  4 komodo dragons
  2 freezing wraiths
  6 yaktaurs
  2 efreet
  A troll (shapeshifter) (D:15)
  14 trolls
  A hornet (shapeshifter) (D:14)
  2 meliai (shapeshifter) (D:15)
  10 tyrant leeches
  Grinder (D:3)
  3 meliai (D:15)
  A polar bear (Lair:3)
  5 hornets
  29 slime creatures
  10 bog bodies
  13 hippogriffs
  2 dream sheep (D:14)
  Sigmund (D:3)
  3 shadows
  3 wraiths
  3 fire elementals (D:15)
  A basilisk (D:15)
  4 wyverns
  50 yaks
  Grum (D:11)
  A basilisk (shapeshifter) (Vaults:1)
  8 hungry ghosts
  21 vampire mosquitoes
  A steam dragon (Lair:4)
  Edmund (D:5)
  6 nagas
  6 wargs
  13 swamp worms
  3 acid dragons
  17 insubstantial wisps
  2 hell hounds
  7 porcupines
  12 water moccasins
  9 swamp drakes
  An eye of draining (D:15)
  A hornet zombie (D:10)
  5 ice beasts
  56 orc warriors
  4 sky beasts
  2 slaves
  18 ogres
  A black bear (shapeshifter) (D:13)
  A necrophage (D:12)
  16 wolves
  14 boggarts
  A human zombie (Vaults:3)
  3 phantoms
  14 centaurs
  13 crocodiles
  9 big kobolds
  A wyvern zombie (D:11)
  8 bullfrogs
  6 gnoll sergeants
  4 water moccasin zombies
  2 scorpions
  10 killer bees
  A wight (D:12)
  4 electric eels
  A lava snake (D:13)
  3 crimson imps
  10 howler monkeys
  5 centaur zombies
  2 bullfrog zombies
  2 quasits (D:12)
  8 jellies
  7 hounds
  33 orc wizards
  33 orc priests
  2 bullfrog skeletons
  Natasha (thrice) (D:2)
  5 centaur skeletons
  Ijyb (D:4)
  3 iguanas
  12 worker ants
  2 big kobold zombies (Ossuary)
  2 mummies (Ossuary)
  A hound skeleton (D:5)
  A howler monkey zombie (D:8)
  A worker ant zombie (D:6)
  12 gnolls
  6 adders
  8 shadow imps
  10 oozes (D:3)
  5 adder zombies (Ossuary)
  An adder skeleton (D:4)
  A worm (D:4)
  A dart slug (D:1)
  9 leopard geckos
  127 orcs
  4 giant cockroaches
  3 gnoll zombies (Ossuary)
  7 hobgoblins
  6 jackals
  31 kobolds
  6 quokkas
  2 ball pythons
  6 bats
  7 frilled lizards
  11 goblins
  3 hobgoblin zombies (Ossuary)
  A jackal zombie (D:5)
  9 kobold zombies (Ossuary)
  4 orc zombies (Ossuary)
  A quokka zombie (D:7)
  7 rats
  2 fungi
  4 plants
1197 creatures vanquished.

Vanquished Creatures (collateral kills)
  An ironheart preserver (Vaults:1)
  An ogre mage (Vaults:1)
  A shambling mangrove (Swamp:3)
  2 two-headed ogres (Vaults:1)
  A skeletal warrior (D:11)
  An orc knight (D:12)
  4 ugly things
  A deep elf mage (D:14)
  2 hornets (Swamp:3)
  2 vampire mosquitoes (D:14)
  An ogre (Vaults:1)
  An orc priest (Vaults:1)
  An orc wizard (Vaults:1)
  An adder (D:2)
  An orc (Vaults:1)
  A giant cockroach (D:3)
  A hobgoblin (D:1)
  A kobold zombie (Ossuary)
24 creatures vanquished.

Vanquished Creatures (others)
  A hydra (D:12)
  An unseen horror (Vaults:1)
  A gargoyle (D:14)
  A naga (Snake:1)
  An acid dragon (D:12)
  An ogre (D:14)
  An orc wizard (Orc:1)
  A ball lightning (D:11)
  An orc (Orc:1)
  A hobgoblin zombie (Ossuary)
  An orc zombie (Ossuary)
  8 fungi
  16 plants
  10 toadstools (D:3)
45 creatures vanquished.

Grand Total: 1266 creatures vanquished

Notes
Turn   | Place    | Note
-------+----------+-------------------------------------------
     0 | D:1      | mopl the Tengu Transmuter began the quest for the Orb.
     0 | D:1      | Reached XP level 1. HP: 12/12 MP: 4/4
   250 | D:1      | Reached XP level 2. HP: 14/16 MP: 4/6
   258 | D:1      | Learned a level 2 spell: Sticks to Snakes
  1028 | D:1      | Reached XP level 3. HP: 18/20 MP: 5/7
  1033 | D:1      | Learned a level 3 spell: Spider Form
  1462 | D:2      | Noticed Natasha
  2239 | D:2      | Reached XP level 4. HP: 23/26 MP: 4/8
  2744 | D:2      | Killed Natasha
  2744 | D:2      | Reached skill level 4 in Unarmed Combat
  2744 | D:2      | Reached skill level 1 in Poison Magic
  2910 | D:2      | Noticed Natasha
  2918 | D:2      | Killed Natasha
  2918 | D:2      | Gained mutation: You can fly continuously. [Tengu growth]
  2918 | D:2      | Reached XP level 5. HP: 13/30 MP: 6/10
  3281 | D:2      | Noticed Natasha
  3289 | D:2      | Killed Natasha
  3836 | D:3      | Learned a level 4 spell: Ice Form
  4299 | D:3      | Noticed Grinder
  4485 | D:4      | Noticed Ijyb
  4564 | D:4      | Reached XP level 6. HP: 21/36 MP: 8/11
  4618 | D:4      | Found a sand-covered staircase.
  4637 | Ossuary  | Entered an ossuary
  5223 | Ossuary  | Reached skill level 1 in Throwing
  5223 | Ossuary  | Reached skill level 1 in Ice Magic
  5601 | Ossuary  | Reached skill level 5 in Unarmed Combat
  5601 | Ossuary  | Reached XP level 7. HP: 26/41 MP: 5/13
  7102 | D:3      | Noticed Sigmund
  7195 | D:3      | Paralysed by Grinder for 5 turns
  7264 | D:5      | Entered Level 5 of the Dungeon
  7537 | D:5      | Found a staircase to the Ecumenical Temple.
  7545 | D:5      | Reached XP level 8. HP: 47/47 MP: 10/14
  7548 | Temple   | Entered the Ecumenical Temple
  7705 | D:5      | Reached skill level 6 in Unarmed Combat
  7776 | D:5      | Learned a level 5 spell: Blade Hands
  8169 | D:5      | Noticed Pikel
  8181 | D:5      | Killed Pikel
  8410 | D:5      | Noticed Edmund
  8417 | D:5      | Killed Edmund
  8417 | D:5      | Reached skill level 7 in Unarmed Combat
  8417 | D:5      | Reached XP level 9. HP: 44/52 MP: 7/16
  8818 | D:6      | Found a hazy altar of Hepliaklqana.
  8999 | D:6      | Found a glowing golden altar of the Shining One.
  9001 | D:6      | Found an opulent altar of Gozag.
  9001 | D:6      | Found a sparkling altar of Nemelex Xobeh.
  9047 | D:6      | Became a worshipper of Nemelex Xobeh the Trickster
  9522 | D:6      | Reached skill level 1 in Invocations
  9744 | D:6      | Found a shimmering altar of Xom.
  9867 | D:6      | Received a gift from Nemelex Xobeh
 10462 | D:7      | Reached * piety under Nemelex Xobeh
 10536 | D:7      | Reached skill level 5 in Transmutations
 10618 | D:8      | Reached skill level 1 in Stealth
 10850 | D:8      | Reached skill level 8 in Unarmed Combat
 11185 | D:8      | Reached skill level 5 in Fighting
 11303 | D:8      | Received a gift from Nemelex Xobeh
 11421 | D:9      | Noticed a death yak
 11427 | D:9      | Noticed a death yak
 11507 | D:9      | Killed a death yak
 11507 | D:9      | Reached XP level 10. HP: 21/59 MP: 17/17
 11846 | D:9      | Noticed a death yak
 11846 | D:9      | Noticed a death yak
 11847 | D:9      | Noticed a death yak
 11848 | D:9      | Noticed a death yak
 11848 | D:9      | Noticed a death yak
 11972 | D:9      | Killed a death yak
 12339 | D:9      | Reached ** piety under Nemelex Xobeh
 12344 | D:9      | Found a staircase to the Lair.
 12387 | Lair:1   | Entered Level 1 of the Lair of Beasts
 12672 | Lair:3   | Noticed a spiny frog
 12685 | Lair:3   | Killed a spiny frog
 12781 | Lair:3   | You are sucked into a shaft and drop 2 floors!
 12781 | Lair:5   | Noticed a black mamba
 12786 | Lair:5   | Killed a black mamba
 12786 | Lair:5   | Reached skill level 5 in Dodging
 12790 | Lair:5   | Reached skill level 9 in Unarmed Combat
 12791 | Lair:5   | Reached skill level 5 in Throwing
 13043 | Lair:6   | Entered Level 6 of the Lair of Beasts
 13098 | Lair:5   | Reached XP level 11. HP: 45/64 MP: 18/18
 13151 | Lair:5   | Got a steaming whip
 13152 | Lair:5   | Found a runed translucent door.
 13156 | Lair:5   | Found a viscous altar of Jiyva.
 13158 | Lair:5   | Found a staircase to the Slime Pits.
 13228 | Lair:5   | Noticed a seven-headed hydra
 13232 | Lair:5   | Noticed an eight-headed hydra
 13237 | Lair:5   | Identified the -2 hand axe "Ninidegy" {speed, rElec MR+
                  | Dex+4}
 13988 | Lair:5   | Received a gift from Nemelex Xobeh
 14797 | Lair:4   | Reached skill level 5 in Invocations
 15060 | Lair:4   | Reached skill level 1 in Evocations
 15569 | Lair:4   | Noticed a seven-headed hydra
 15821 | Lair:4   | Learned a level 1 spell: Apportation
 16072 | Lair:4   | Reached skill level 10 in Unarmed Combat
 16494 | Lair:3   | Received a gift from Nemelex Xobeh
 16599 | Lair:1   | Reached *** piety under Nemelex Xobeh
 16679 | Lair:1   | Received a gift from Nemelex Xobeh
 16927 | Lair:1   | Received a gift from Nemelex Xobeh
 16979 | Lair:1   | Noticed a five-headed hydra
 17037 | Lair:1   | Killed a five-headed hydra
 17037 | Lair:1   | Reached XP level 12. HP: 37/71 MP: 14/19
 17234 | Lair:1   | Found a runed translucent door.
 17236 | Lair:1   | Noticed Rwicked's ghost (journeyman MiFi)
 17414 | Lair:1   | Reached **** piety under Nemelex Xobeh
 17481 | Lair:1   | Received a gift from Nemelex Xobeh
 17641 | Lair:2   | Noticed a four-headed hydra
 17650 | Lair:2   | Killed a four-headed hydra
 17668 | Lair:2   | Noticed an eight-headed hydra
 17676 | Lair:2   | Killed an eight-headed hydra
 17890 | Lair:2   | Reached skill level 5 in Stealth
 18023 | Lair:2   | Received a gift from Nemelex Xobeh
 18810 | Lair:3   | Found a staircase to the Snake Pit.
 18895 | Lair:3   | Found a runed translucent gate.
 18896 | Lair:3   | Found a runed translucent gate.
 18897 | Lair:3   | Found a runed translucent gate.
 18899 | Lair:3   | Noticed Foabaekk's ghost (journeyman GrMo)
 19170 | Lair:3   | Received a gift from Nemelex Xobeh
 19182 | Lair:3   | Reached skill level 11 in Unarmed Combat
 20410 | Lair:5   | Killed an eight-headed hydra
 20410 | Lair:5   | Reached XP level 13. HP: 76/76 MP: 20/20
 20713 | Lair:6   | Received a gift from Nemelex Xobeh
 20863 | Lair:6   | Reached ***** piety under Nemelex Xobeh
 21005 | Lair:6   | Received a gift from Nemelex Xobeh
 21977 | D:3      | Paralysed by Grinder for 3 turns
 21984 | D:3      | Killed Grinder
 22028 | D:3      | Killed Sigmund
 22312 | D:4      | Killed Ijyb
 22729 | D:9      | Found a glowing silver altar of Zin.
 22754 | D:9      | Received a gift from Nemelex Xobeh
 22884 | D:9      | Reached skill level 5 in Evocations
 23260 | D:10     | Entered Level 10 of the Dungeon
 23457 | D:10     | Received a gift from Nemelex Xobeh
 23689 | D:10     | Reached XP level 14. HP: 55/84 MP: 17/21
 23994 | Lair:1   | Identified the +1 whip of Instant Death {slash, +Rage Int-2
                  | SInv Stlth+} (You found it on level 5 of the Lair of
                  | Beasts)
 24049 | D:11     | Paralysed by a hornet for 2 turns
 24229 | D:11     | Noticed Grum
 24248 | D:11     | Killed Grum
 25239 | D:11     | Reached skill level 1 in Armour
 25500 | D:11     | Found Vejuitz's Magic Scroll Emporium.
 25522 | D:11     | Bought a scroll of teleportation for 42 gold pieces
 25522 | D:11     | Bought a scroll of identify for 28 gold pieces
 25522 | D:11     | Bought a scroll of identify for 28 gold pieces
 25522 | D:11     | Bought a scroll of identify for 28 gold pieces
 25995 | D:12     | Received a gift from Nemelex Xobeh
 26203 | D:12     | Reached skill level 12 in Unarmed Combat
 27871 | D:12     | Got a tattered robe
 27875 | D:12     | Identified the Collected Works on Glacial Beguiling
 28120 | D:12     | Identified the +1 robe of Duty {Int+4} (You found it on
                  | level 12 of the Dungeon)
 28140 | D:12     | Got a slimy short sword
 28141 | D:12     | Identified the +3 short sword of Fear {vamp, Int+4} (You
                  | found it on level 12 of the Dungeon)
 28151 | D:12     | Learned a level 5 spell: Yara's Violent Unravelling
 28235 | D:12     | Received a gift from Nemelex Xobeh
 28429 | D:12     | Found a staircase to the Orcish Mines.
 28457 | D:12     | Reached skill level 10 in Transmutations
 28603 | Orc:1    | Entered Level 1 of the Orcish Mines
 29141 | Orc:1    | Noticed an orc warlord
 29167 | Orc:1    | Killed an orc warlord
 29338 | Orc:1    | Received a gift from Nemelex Xobeh
 29453 | Orc:2    | Entered Level 2 of the Orcish Mines
 29453 | Orc:2    | Noticed a stone giant
 29454 | Orc:2    | Noticed Nessos
 29458 | Orc:2    | Noticed Maurice
 29806 | Orc:2    | Killed a stone giant
 29806 | Orc:2    | Reached skill level 5 in Spellcasting
 29810 | Orc:2    | Killed Maurice
 29900 | Orc:1    | Reached XP level 15. HP: 90/90 MP: 23/23
 29970 | Orc:2    | Received a gift from Nemelex Xobeh
 30006 | Orc:2    | Killed Nessos
 30126 | Orc:2    | Found a staircase to the Elven Halls.
 30134 | Orc:2    | Found a roughly hewn altar of Beogh.
 30317 | Orc:2    | Noticed Urug
 30775 | Orc:2    | Reached skill level 10 in Invocations
 30879 | Orc:2    | Killed Urug
 31204 | Orc:2    | Received a gift from Nemelex Xobeh
 31664 | Orc:2    | Noticed an orc warlord
 32201 | Orc:2    | Killed an orc warlord
 32590 | Orc:2    | Found Rimaoti's Antique Armour Shoppe.
 32593 | Orc:2    | Found Rylait's Antique Weapon Emporium.
 32595 | Orc:2    | Found Gadgha Runosy's General Store.
 32595 | Orc:2    | Found Gesu's Jewellery Shoppe.
 32600 | Orc:2    | Bought a scroll of amnesia for 59 gold pieces
 32794 | Orc:2    | Bought a faintly humming chain mail for 342 gold pieces
 32794 | Orc:2    | Identified the cursed +1 chain mail of the Known World
                  | {*Slow Str+5 SInv} (You bought it in a shop on level 2 of
                  | the Orcish Mines)
 32804 | Orc:2    | Bought a +1 cloak of invisibility for 280 gold pieces
 33099 | D:13     | Noticed Jorgrun
 33797 | D:13     | Killed Jorgrun
 33797 | D:13     | Reached skill level 1 in Hexes
 34016 | D:13     | Reached skill level 5 in Armour
 34019 | D:13     | Received a gift from Nemelex Xobeh
 34051 | D:12     | Identified 3 scrolls of acquirement
 34084 | D:12     | Got a jewelled crystal plate armour
 34085 | D:12     | Identified the +5 crystal plate armour "Uvysmeth" {Str+2}
                  | (You acquired it on level 12 of the Dungeon)
 34299 | D:13     | Reached ****** piety under Nemelex Xobeh
 34385 | D:13     | Received a gift from Nemelex Xobeh
 34507 | D:13     | Reached skill level 10 in Dodging
 34560 | D:13     | Found a gate to the Vaults.
 34925 | D:13     | Reached skill level 1 in Shields
 35276 | D:14     | Noticed Louise
 35276 | D:14     | Noticed Rupert
 35324 | D:14     | Identified the +0 hand axe of Inquiry {elec, rPois rF+ MR++
                  | Int-4}
 35335 | D:14     | Killed Rupert
 35350 | D:14     | Killed Louise
 35350 | D:14     | Reached XP level 16. HP: 97/97 MP: 10/25
 35374 | D:14     | Learned a level 4 spell: Petrify
 35726 | D:14     | Received a gift from Nemelex Xobeh
 36158 | Lair:4   | Found a staircase to the Swamp.
 36165 | Lair:4   | Reached skill level 13 in Unarmed Combat
 36187 | Swamp:1  | Entered Level 1 of the Swamp
 36840 | Swamp:2  | Reached skill level 1 in Earth Magic
 37144 | Swamp:2  | Reached skill level 10 in Fighting
 37389 | Swamp:2  | Received a gift from Nemelex Xobeh
 38991 | Swamp:3  | Found a sacrificial altar of Ru.
 39352 | Swamp:3  | Found a runed translucent door.
 39353 | Swamp:3  | Noticed Buem's ghost (adept OgAM)
 39538 | Swamp:3  | Noticed Mara
 39563 | Swamp:3  | Killed Mara
 39839 | Swamp:4  | Entered Level 4 of the Swamp
 39866 | Swamp:3  | Reached skill level 10 in Throwing
 40591 | Swamp:4  | Reached XP level 17. HP: 102/102 MP: 15/26
 40728 | Swamp:4  | Reached skill level 1 in Translocations
 40901 | Swamp:4  | Received a gift from Nemelex Xobeh
 42216 | Swamp:4  | Got a decaying rune of Zot
 42474 | D:9      | Found a radiant altar of Vehumet.
 42585 | Vaults:1 | Entered Level 1 of the Vaults
 44134 | Vaults:1 | Found a large runed translucent door.
 44134 | Vaults:1 | Found a large runed translucent door.
 44135 | Vaults:1 | Found a large runed translucent door.
 44135 | Vaults:1 | Found a large runed translucent door.
 44135 | Vaults:1 | Noticed Adoajy's ghost (adept DsWr)
 44136 | Vaults:1 | Found a large runed translucent door.
 44136 | Vaults:1 | Found a large runed translucent door.
 44228 | Vaults:1 | Received a gift from Nemelex Xobeh
 44757 | Vaults:1 | Received a gift from Nemelex Xobeh
 44788 | Vaults:2 | Found Ucin's Weapon Boutique.
 44791 | Vaults:2 | Bought 4 boomerangs of dispersal for 60 gold pieces
 44900 | Vaults:2 | Found Xatwau Hiat's General Store.
 45186 | Vaults:2 | Received a gift from Nemelex Xobeh
 45308 | Vaults:1 | Gained mutation: Scrolls take you a little longer to read.
                  | [a neqoxec]
 45726 | Vaults:2 | You are sucked into a shaft and drop 1 floor!
 45734 | Vaults:3 | Reached XP level 18. HP: 42/108 MP: 21/28
 46183 | Vaults:3 | Found Xakhlakk's Weapon Boutique.
 46304 | Vaults:3 | Found an opulent altar of Gozag.
 47168 | Vaults:3 | You are sucked into a shaft and drop 1 floor!
 47308 | Vaults:5 | Entered Level 5 of the Vaults
 47308 | Vaults:5 | Noticed a tentacled monstrosity
 47500 | Vaults:2 | Received a gift from Nemelex Xobeh
 47927 | Lair:1   | Lost mutation: Scrolls take you a little longer to read.
                  | [potion of mutation]
 47927 | Lair:1   | Gained mutation: You are partially covered in rugged brown
                  | scales. (AC +1, +3% HP) [potion of mutation]
 47927 | Lair:1   | Gained mutation: You are agile. (Dex +2) [potion of
                  | mutation]
 48400 | Lair:1   | Killed Rwicked's ghost
 48400 | Lair:1   | Reached skill level 14 in Unarmed Combat
 48565 | D:14     | Identified Roxanne's Almanac of Changing
 48565 | D:14     | Noticed Roxanne
 48615 | D:14     | Killed Roxanne
 48845 | D:15     | Entered Level 15 of the Dungeon
 48855 | D:15     | Noticed Azrael
 48935 | D:15     | Killed Azrael
 48987 | D:15     | Found a snail-covered altar of Cheibriados.
 49512 | D:15     | Found a shattered altar of Ashenzari.
 49999 | D:15     | Received a gift from Nemelex Xobeh
 50112 | D:15     | Found a staircase to the Depths.
 50662 | D:15     | Identified the +7 long sword of Juquiggojaz {slice, MR+
                  | Dex+3} (You found it on level 15 of the Dungeon)
 50837 | D:15     | Found a blossoming altar of Fedhas.
 50958 | D:15     | Identified the +5 chain mail of Conscience {rF+} (You found
                  | it on level 15 of the Dungeon)
 50974 | D:15     | Reached XP level 19. HP: 118/118 MP: 22/29
 51305 | Lair:3   | Killed Foabaekk's ghost
 51730 | Swamp:1  | Received a gift from Nemelex Xobeh
 52239 | Snake:1  | Entered Level 1 of the Snake Pit
 52417 | Snake:1  | HP: 1/118 [shock serpent/bolt of electricity (22)]
 52417 | Snake:1  | Killed from afar by a shock serpent

Levels and vault maps discovered:
D:1:      saegor_arrival_simple_a, layout_basic, chequers_serial_rivers_small_a
D:2:      layout_basic, first_ration, uniq_natasha
D:3:      cheibrodos_fertilizer, layout_loops_corners, uniq_sigmund,
          uniq_grinder
D:4:      layout_loops_corners, nicolae_ossuary_entry_ruins, uniq_ijyb
D:5:      layout_basic, minmay_temple_entry_proselytizer, uniq_pikel,
          uniq_edmund
D:6:      layout_rooms, kennysheep_mini_moat, grunt_temple_overflow_open,
          xom_teletrap_fun
D:7:      layout_basic, kennysheep_another_room
D:8:      layout_loops_ring
D:9:      layout_stronghold, nicolae_overflow_hidden_temple, dpeg_lair_monsters
D:10:     layout_loops_ring
D:11:     cheibrodos_fzero, layout_basic, serial_shops, shop,
          kennysheep_generic_room_2, uniq_grum
D:12:     minmay_the_grid_octo_2x2 [minmay_the_grid_octo_odd_swirl,
          minmay_the_grid_octo_77, minmay_the_grid_octo_checkerflower,
          minmay_the_grid_octo_prize_square_snowflake], layout_basic,
          kennysheep_orc_monster_closet_entryway
D:13:     layout_big_octagon, lightli_vaults_fourway_checkpoint, serial_glass,
          glass_columns_a, glass_columns_a, uniq_jorgrun
D:14:     gargoyle_guard, layout_cave_pools, hex_medium, hangedman_ranch
          [blue_anna_fruit_fields], uniq_louise, uniq_rupert, uniq_roxanne
D:15:     gammafunk_enter_depths_forms, layout_irregular_city, fedhas_altar_4,
          hangedman_feature_mirror, drop_trap, minmay_pinched_square,
          uniq_azrael
Temple:   regret_index_temple_sphere_string
Lair:1:   layout_cave_shapes, ebering_ghost_inner_flame,
          eino_small_chamber_without_monster, beast_lair_carwin_11,
          lemuel_fruit_fields
Lair:2:   layout_regular_city, grunt_megastairs_4
Lair:3:   layout_long_grid, guppyfry_snake_entry_island, gammafunk_ghost_split,
          hangedman_lair_unloving_vines, beast_lair_carwin_6
Lair:4:   layout_loops_ring, nicolae_swamp_entry_splash_gauntlet,
          guppyfry_lair_drakes, grunt_megastairs_1
Lair:5:   layout_hall_layers, slime_altar_2
Lair:6:   evilmike_catoblepas_cave, layout_hall_layers
Swamp:1:  layout_falls_marsh, nicolae_swamp_treefoil
Swamp:2:  layout_falls_marsh, serial_swamp_ruin, evilmike_swamp_ruin_house_6,
          hangedman_swamp_ruin_wall, hangedman_swamp_ruin_hall,
          nicolae_swamp_very_dense_foliage
Swamp:3:  layout_basic_swamp, ebering_ghost_inner_flame, lemuel_altar_in_water,
          swamp_pool1, uniq_mara
Swamp:4:  swamp_alternative, layout_basic_swamp, swamp_pool4,
          statue_in_the_mist_lemuel
Snake:1:  layout_cave_pods, serial_shops, nicolae_shop_behind_doors,
          guppyfry_snake_island
Orc:1:    layout_diamond_mine
Orc:2:    st_orc_congregation, layout_diamond_mine, david_defended_altar_orc,
          uniq_maurice, uniq_nessos, uniq_urug
Vaults:1: advil_vaults_ghost_lines, special_room_vaults [special_room_orc],
          v_pattern_5, nicolae_vaults_bisected_inception, hangedman_vaults_maws,
          vaults_room_pool, hangedman_vaults_maws, v_misc_16,
          grunt_vaults_funnel, ontoclasm_vaults_gateway, grunt_vaults_focal,
          vaults_room_pool, layout_vaults_omnigrid
Vaults:2: nicolae_vaults_sealed_display, v_rooms_6, st_cross,
          hangedman_vaults_corner_blocks, ontoclasm_vaults_pinch,
          ontoclasm_vaults_decontamination, nicolae_vaults_network_periphery,
          nicolae_vaults_theta, minmay_crypt_entry_vampire_xt, v_alt_pattern_1,
          nicolae_vaults_ring_of_whatevers, ontoclasm_vaults_tryst,
          vaults_room_corners, layout_vaults_omnibox, serial_shops, shop_statue,
          shop_statue, shop, shop
Vaults:3: vaults_room_grid, vaults_standard_mumra_enter_the_diamond,
          vaults_dpeg_encased_lava, v_misc_5, vaults_dpeg_spiral,
          vaults_standard_mumra_enter_the_diamond, hangedman_vaults_unwind,
          ontoclasm_vaults_loading_screen, vaults_dpeg_hooks,
          hangedman_vaults_slice, v_alt_pattern_6, vaults_room_semicircle,
          layout_vaults_big_cross, basic_altar, serial_shops, shop, uniq_mennas
Vaults:4: grunt_vaults_hallway_long, hangedman_vaults_trim,
          nicolae_vaults_little_squares_1, nicolae_vaults_yaktaur_gun_rack,
          ontoclasm_vaults_shuriken, ontoclasm_vaults_chip, vaults_dpeg_ring,
          nicolae_vaults_little_squares_3, nicolae_vaults_twisting_passages,
          nicolae_vaults_rhombus_6, hangedman_vaults_trim, layout_vaults_ring,
          serial_shops, nicolae_shop_statue_plus
Vaults:5: serial_shops, uniq_saint_roka, uniq_margery, uniq_frederick

Skill      XL: |  1  2  3  4  5  6  7  8  9 10 11 12 13 14 15 16 17 18 19 |
---------------+----------------------------------------------------------+-----
Transmutations | 2 3 4 5 6 7 8 9 10 | 10.0
Fighting       | 2 3 4 5 6 7 8 9 10 11 | 11.3
Unarmed Combat | 4 5 7 8 9 10 11 12 13 14 | 14.2
Poison Magic   | 1 |  1.0
Spellcasting   | 3 4 5 |  5.5
Throwing       | 1 2 3 4 5 6 7 8 9 10 11 | 11.0
Ice Magic      | 1 2 3 4 |  4.0
Dodging        | 3 4 5 6 7 8 9 10 11 | 11.8
Invocations    | 2 4 5 7 8 9 11 12 13 | 13.1
Stealth        | 2 3 4 5 6 7 |  7.9
Evocations     | 2 3 5 6 7 8 |  8.4
Armour         | 3 5 6 7 8 |  8.8
Hexes          | 1 3 4 |  4.8
Shields        | 1 3 4 |  4.0
Earth Magic    | 2 3 4 |  4.2
Translocations | 2 4 |  4.0

Action                   |  1- 3 |  4- 6 |  7- 9 | 10-12 | 13-15 | 16-18 | 19-21 || total
-------------------------+-------+-------+-------+-------+-------+-------+-------++-------
Melee: Unarmed           |    99 |   183 |   371 |   388 |  1076 |  1246 |   126 ||  3489
       Peck              |     7 |    28 |    15 |    33 |   169 |   250 |    25 ||   527
       Kick              |    20 |    42 |    40 |    58 |   267 |   385 |    39 ||   851
       Headbutt          |    11 |     8 |     4 |       |       |       |       ||    23
       Punch             |     2 |     6 |     6 |    15 |    45 |    65 |     4 ||   143
       Scimitar          |       |       |       |       |       |     2 |       ||     2
       Whip              |       |       |       |       |       |     9 |       ||     9
 Fire: Hunting sling     |       |       |       |    19 |       |    61 |    22 ||   102
Throw: Dart              |       |       |     3 |    36 |    85 |    15 |       ||   139
       Boomerang         |       |       |       |    40 |    39 |   110 |     3 ||   192
 Cast: Beastly Appendage |    29 |    13 |     2 |       |       |       |       ||    44
       Sticks to Snakes  |     3 |    11 |     6 |     3 |    10 |       |       ||    33
       Spider Form       |       |     5 |    29 |    11 |     9 |       |       ||    54
       Ice Form          |       |       |     7 |    20 |     5 |     7 |     1 ||    40
       Blade Hands       |       |       |       |    17 |    97 |   122 |    12 ||   248
       Apportation       |       |       |       |       |       |     1 |       ||     1
Invok: Stack Five        |       |       |       |       |     1 |     1 |       ||     2
       Deal Four         |       |       |       |       |     1 |     1 |       ||     2
 Abil: Fly               |       |       |     1 |       |       |     1 |       ||     2
       End Transformatio |       |       |     2 |     5 |     8 |    13 |     2 ||    30
       Draw Destruction  |       |       |       |    11 |    22 |    17 |       ||    50
       Draw Summoning    |       |       |       |     1 |     4 |     4 |       ||     9
       Evoke Invisibilit |       |       |       |       |     1 |     3 |       ||     4
       Stop Flying       |       |       |       |       |       |     1 |       ||     1
       Draw Stack        |       |       |       |       |       |     5 |       ||     5
       Evoke Berserk Rag |       |       |       |       |       |     1 |       ||     1
Evoke: Wand              |       |       |       |       |    21 |    29 |     4 ||    54
       Lightning rod     |       |       |       |       |     6 |     9 |       ||    15
       Phantom mirror    |       |       |       |       |     1 |       |       ||     1
  Use: Potion            |       |     2 |     1 |     3 |     3 |     4 |     1 ||    14
       Scroll            |       |       |    15 |     7 |    20 |     9 |       ||    51
 Stab: Sleeping          |     2 |     1 |     2 |     3 |     6 |     6 |     1 ||    21
       Distracted        |       |       |     1 |       |     3 |     1 |       ||     5
       Paralysed         |       |       |       |       |     7 |     9 |       ||    16
       Invisible         |       |       |       |       |     3 |     3 |       ||     6
       Petrified         |       |       |       |       |       |     3 |       ||     3
       Petrifying        |       |       |       |       |       |     1 |       ||     1
  Eat: Chunk             |     5 |     6 |    18 |    29 |    59 |    68 |     4 ||   189
       Ration            |       |     2 |     1 |     3 |     9 |     8 |     1 ||    24
Armor: Robe              |    15 |     7 |     7 |    15 |       |       |       ||    44
       Skin              |       |       |     9 |    26 |     5 |    11 |     7 ||    58
       Acid dragon scale |       |       |       |       |   185 |    76 |       ||   261
       Swamp dragon scal |       |       |       |       |       |   173 |    32 ||   205
Dodge: Dodged            |    49 |   105 |   264 |   258 |   828 |  1015 |   135 ||  2654
Block: Buckler           |       |       |       |       |     1 |    61 |     6 ||    68
